General information
- name: BNet
- type: Ladder team game (AT/RT)
- host: Battle.net
- saver: BlackestBlueGum
map: Deadlock
- players: 8
- length: 33:12
- speed: Fast
- version: 1.28 W3XP
- replay type: Public
» download(319 KB)
Players
team 1 (loser)
KBilly (
pink | 72 APM | 2315 actions | 32:05)
5 Blademaster
2 Wind Walk
3 Critical Strike
4 Shadow Hunter
2 Hex
2 Healing Wave
1 Tauren Chieftain
1 Endurance Aura
» actions
| Assign group hotkey | 57 | |
| Basic commands | 49 | |
| Build / train | 95 | |
| Enter build submenu | 29 | |
| Enter hero's abilities submenu | 10 | |
| Give item / drop item | 2 | |
| Right click | 915 | |
| Select / deselect | 340 | |
| Select group hotkey | 624 | |
| Use ability | 194 | |
2315 total
» units
| Peon | 14 | |
| Grunt | 3 | |
| Raider | 10 | |
| Spirit Walker | 3 | |
| Kodo Beast | 3 | |
| Troll Witch Doctor | 3 | |
| Demolisher | 3 | |
39 total
» upgrades
| Ensnare | 1 | |
| Spirit Walker Training | 1 | |
| Berserker Strength | 1 | |
| Pillage | 1 | |
| Melee Weapons | 2 | |
| Armor | 2 | |
| Spiked Barricades | 1 | |
| Reinforced Defenses | 1 | |
| Witch Doctor Training | 2 | |
| War Drums Damage Increase | 1 | |
| Burning Oil | 1 | |
| Ranged Weapons | 1 | |
15 total
» buildings
| Altar of Storms | 1 | |
| Orc Burrow | 9 | |
| Barracks | 2 | |
| Voodoo Lounge | 2 | |
| Stronghold | 1 | |
| Spirit Lodge | 1 | |
| Beastiary | 1 | |
| War Mill | 1 | |
| Watch Tower | 8 | |
| Fortress | 1 | |
| Great Hall | 3 | |
30 total
» build order
00:10 Altar of Storms
00:23 Orc Burrow
00:36 Barracks
01:36 Orc Burrow
02:00 Voodoo Lounge
03:15 Stronghold
05:42 Spirit Lodge
05:43 Beastiary
05:46 Orc Burrow
06:06 War Mill
07:29 Orc Burrow
10:36 Watch Tower
11:53 Fortress
12:18 Watch Tower
12:59 Watch Tower
13:00 Watch Tower
14:38 Watch Tower
17:42 Great Hall
18:20 Orc Burrow
18:20 Orc Burrow
19:21 Barracks
23:27 Great Hall
23:29 Watch Tower
23:29 Watch Tower
23:30 Watch Tower
23:31 Voodoo Lounge
24:00 Great Hall
30:36 Orc Burrow
30:38 Orc Burrow
30:39 Orc Burrow
» items
| Healing Salve | 5 | |
| Scroll of Speed | 4 | |
| Circlet of Nobility | 1 | |
| Boots of Speed | 1 | |
| Lesser Clarity Potion | 3 | |
| Scroll of Town Portal | 4 | |
| Orb of Lightning | 2 | |
| Potion of Mana | 2 | |
| Potion of Healing | 2 | |
| Tiny Great Hall | 1 | |
25 total

»
Nurmagomedov (
green | 158 APM | 3731 actions | 23:37)
5 Demon Hunter
3 Evasion
2 Mana Burn
3 Priestess of the Moon
2 Trueshot Aura
1 Scout
3 Goblin Tinker
2 Pocket Factory
1 Engineering Upgrade
» actions
| Assign group hotkey | 51 | |
| Basic commands | 113 | |
| Build / train | 96 | |
| Enter build submenu | 20 | |
| Enter hero's abilities submenu | 11 | |
| Remove unit from queue | 1 | |
| Right click | 1600 | |
| Select / deselect | 334 | |
| Select group hotkey | 1377 | |
| Use ability | 128 | |
3731 total
» units
| Wisp | 22 | |
| Huntress | 8 | |
| Dryad | 7 | |
| Hippogryph | 5 | |
| Druid of the Talon | 2 | |
| Druid of the Claw | 3 | |
| Chimaera | 1 | |
48 total
» upgrades
| Strength of the Moon | 2 | |
| Ultravision | 1 | |
| Moon Armor | 1 | |
| Sentinel | 1 | |
| Abolish Magic | 1 | |
| Reinforced Hides | 1 | |
| Strength of the Wild | 2 | |
| Nature's Blessing | 1 | |
| Druid of the Claw Training | 2 | |
| Druid of the Talon Training | 1 | |
| Well Spring | 1 | |
| Mark of the Claw | 1 | |
15 total
» buildings
| Altar of Elders | 1 | |
| Moon Well | 7 | |
| Hunter's Hall | 1 | |
| Ancient of War | 1 | |
| Ancient of Wonders | 1 | |
| Tree of Ages | 1 | |
| Tree of Life | 2 | |
| Tree of Eternity | 1 | |
| Ancient of Wind | 2 | |
| Ancient of Lore | 3 | |
| Chimaera Roost | 1 | |
21 total
» build order
00:23 Altar of Elders
00:32 Moon Well
01:42 Hunter's Hall
01:51 Ancient of War
02:02 Moon Well
02:24 Ancient of Wonders
02:38 Moon Well
04:41 Tree of Ages
05:40 Tree of Life
06:08 Moon Well
07:51 Tree of Eternity
08:52 Ancient of Wind
08:54 Ancient of Lore
08:54 Ancient of Lore
11:24 Moon Well
11:24 Moon Well
11:26 Moon Well
14:14 Chimaera Roost
14:17 Ancient of Lore
16:50 Tree of Life
21:43 Ancient of Wind
» items
| Scroll of Town Portal | 3 | |
| Orb of Venom | 1 | |
| Boots of Speed | 1 | |
| Scroll of Speed | 1 | |
| Lesser Clarity Potion | 1 | |
| Healing Salve | 2 | |
| Potion of Healing | 2 | |
| Orb of Lightning | 1 | |
12 total
BlackestBlueGum (
orange | 64 APM | 2114 actions | 33:12)
6 Blademaster
3 Wind Walk
2 Critical Strike
1 Bladestorm
» actions
| Assign group hotkey | 25 | |
| Basic commands | 152 | |
| Build / train | 70 | |
| Enter build submenu | 45 | |
| Enter hero's abilities submenu | 6 | |
| Remove unit from queue | 3 | |
| Right click | 877 | |
| Select / deselect | 327 | |
| Select group hotkey | 507 | |
| Use ability | 102 | |
2114 total
» units
| Peon | 20 | |
| Grunt | 5 | |
| Troll Batrider | 8 | |
| Wind Rider | 8 | |
41 total
» upgrades
| Armor | 3 | |
| Reinforced Defenses | 1 | |
| Troll Regeneration | 1 | |
| Ranged Weapons | 3 | |
| Liquid Fire | 1 | |
| Envenomed Spears | 1 | |
| Spiked Barricades | 1 | |
11 total
» buildings
| Orc Burrow | 7 | |
| Altar of Storms | 1 | |
| Barracks | 1 | |
| Voodoo Lounge | 2 | |
| Stronghold | 1 | |
| Great Hall | 1 | |
| War Mill | 3 | |
| Beastiary | 4 | |
| Fortress | 1 | |
| Watch Tower | 24 | |
45 total
» build order
00:14 Orc Burrow
00:51 Altar of Storms
00:53 Barracks
01:05 Orc Burrow
01:44 Voodoo Lounge
02:53 Stronghold
03:59 Orc Burrow
04:34 Great Hall
04:52 Voodoo Lounge
04:56 War Mill
05:53 Beastiary
05:55 Beastiary
06:13 Fortress
07:33 Watch Tower
07:34 Watch Tower
07:34 Watch Tower
07:34 Watch Tower
09:06 Watch Tower
10:54 Beastiary
11:07 War Mill
13:15 Watch Tower
13:16 Watch Tower
13:19 Watch Tower
13:19 Watch Tower
13:22 Watch Tower
16:52 Beastiary
17:41 Watch Tower
17:41 Watch Tower
17:42 Watch Tower
17:46 Watch Tower
17:47 Watch Tower
17:49 Watch Tower
17:51 Watch Tower
17:55 Watch Tower
17:56 Watch Tower
19:12 War Mill
19:23 Orc Burrow
19:27 Orc Burrow
20:36 Orc Burrow
20:39 Orc Burrow
20:41 Watch Tower
20:41 Watch Tower
20:42 Watch Tower
23:02 Watch Tower
23:02 Watch Tower
» items
| Healing Salve | 2 | |
| Lesser Clarity Potion | 1 | |
| Staff of Teleportation | 1 | |
| Periapt of Vitality | 1 | |
| Potion of Lesser Invulnerability | 1 | |
6 total
hahaya (
purple | 41 APM | 1000 actions | 24:11)
4 Archmage
2 Summon Water Elemental
2 Brilliance Aura
3 Mountain King
2 Storm Bolt
1 Bash
» actions
| Assign group hotkey | 67 | |
| Basic commands | 85 | |
| Build / train | 81 | |
| ESC pressed | 1 | |
| Enter build submenu | 27 | |
| Enter hero's abilities submenu | 7 | |
| Give item / drop item | 1 | |
| Right click | 289 | |
| Select / deselect | 293 | |
| Select group hotkey | 68 | |
| Use ability | 81 | |
1000 total
» units
| Peasant | 12 | |
| Footman | 5 | |
| Rifleman | 7 | |
| Sorceress | 4 | |
| Priest | 4 | |
| Siege Engine | 10 | |
| Spell Breaker | 1 | |
43 total
» upgrades
| Lumber Harvesting | 2 | |
| Long Rifles | 1 | |
| Gunpowder | 3 | |
| Masonry | 1 | |
| Barrage | 1 | |
| Plating | 2 | |
10 total
» buildings
| Altar of Kings | 1 | |
| Lumber Mill | 1 | |
| Farm | 11 | |
| Barracks | 1 | |
| Scout Tower | 1 | |
| Arcane Tower | 1 | |
| Keep | 1 | |
| Town Hall | 2 | |
| Arcane Vault | 1 | |
| Blacksmith | 1 | |
| Arcane Sanctum | 2 | |
| Castle | 1 | |
| Workshop | 3 | |
| Guard Tower | 3 | |
30 total
» build order
00:11 Altar of Kings
00:23 Lumber Mill
00:36 Farm
00:56 Barracks
01:22 Farm
01:44 Scout Tower
02:05 Farm
02:38 Arcane Tower
03:50 Keep
04:15 Town Hall
04:37 Arcane Vault
05:03 Blacksmith
05:08 Farm
06:19 Farm
06:35 Arcane Sanctum
06:37 Arcane Sanctum
07:13 Farm
08:20 Farm
09:13 Castle
10:35 Farm
12:34 Workshop
12:36 Workshop
13:10 Guard Tower
13:11 Guard Tower
13:15 Guard Tower
13:30 Workshop
16:59 Farm
17:48 Farm
18:36 Farm
21:29 Town Hall
» items
| Scroll of Regeneration | 4 | |
| Boots of Speed | 2 | |
| Scroll of Town Portal | 3 | |
| Ivory Tower | 3 | |
| Scroll of Protection | 1 | |
13 total
team 2 (winner)
carrymeplzz (
teal | 37 APM | 795 actions | 21:21)
3 Crypt Lord
1 Carrion Beetles
1 Spiked Carapace
1 Impale
2 Death Knight
1 Death Coil
1 Unholy Aura
1 Paladin
1 Devotion Aura
» actions
| Assign group hotkey | 25 | |
| Build / train | 78 | |
| Enter build submenu | 23 | |
| Enter hero's abilities submenu | 6 | |
| Give item / drop item | 1 | |
| Right click | 251 | |
| Select / deselect | 217 | |
| Select group hotkey | 146 | |
| Use ability | 48 | |
795 total
» units
| Acolyte | 12 | |
| Ghoul | 4 | |
| Crypt Fiend | 14 | |
| Obsidian Statue | 3 | |
| Knight | 10 | |
| Frost Wyrm | 2 | |
| Priest | 4 | |
49 total
» upgrades
| Creature Attack | 2 | |
| Creature Carapace | 2 | |
| Web | 1 | |
| Priest Training | 2 | |
| Plating | 1 | |
8 total
» buildings
| Graveyard | 1 | |
| Crypt | 1 | |
| Ziggurat | 10 | |
| Altar of Darkness | 1 | |
| Tomb of Relics | 1 | |
| Nerubian Tower | 3 | |
| Halls of the Dead | 1 | |
| Necropolis | 1 | |
| Spirit Tower | 4 | |
| Black Citadel | 1 | |
| Slaughterhouse | 1 | |
| Sacrificial Pit | 1 | |
| Boneyard | 1 | |
27 total
» build order
00:16 Graveyard
00:21 Crypt
00:49 Ziggurat
01:01 Altar of Darkness
01:45 Ziggurat
02:13 Tomb of Relics
02:35 Nerubian Tower
04:34 Halls of the Dead
05:15 Necropolis
07:26 Spirit Tower
07:37 Ziggurat
07:40 Ziggurat
07:42 Ziggurat
09:20 Black Citadel
09:25 Nerubian Tower
09:26 Spirit Tower
09:57 Spirit Tower
12:21 Slaughterhouse
12:27 Sacrificial Pit
12:32 Ziggurat
12:37 Ziggurat
14:32 Ziggurat
14:56 Ziggurat
16:46 Ziggurat
16:50 Nerubian Tower
16:51 Spirit Tower
17:05 Boneyard
» items
| Rod of Necromancy | 1 | |
| Scroll of Town Portal | 1 | |
| Potion of Healing | 1 | |
| Orb of Corruption | 1 | |
4 total

»
King_Gex (
yellow | 63 APM | 1132 actions | 17:53)
3 Death Knight
2 Death Coil
1 Unholy Aura
» actions
| Assign group hotkey | 1 | |
| Basic commands | 7 | |
| Build / train | 34 | |
| ESC pressed | 1 | |
| Enter build submenu | 16 | |
| Enter hero's abilities submenu | 3 | |
| Right click | 812 | |
| Select / deselect | 225 | |
| Use ability | 33 | |
1132 total
» units
| Acolyte | 4 | |
| Ghoul | 4 | |
| Crypt Fiend | 6 | |
| Necromancer | 1 | |
15 total
» upgrades
| Creature Attack | 2 | |
| Web | 1 | |
| Necromancer Training | 1 | |
| Skeletal Longevity | 1 | |
5 total
» buildings
| Crypt | 2 | |
| Altar of Darkness | 1 | |
| Ziggurat | 4 | |
| Graveyard | 1 | |
| Tomb of Relics | 2 | |
| Nerubian Tower | 1 | |
| Spirit Tower | 2 | |
| Halls of the Dead | 1 | |
| Temple of the Damned | 2 | |
| Black Citadel | 1 | |
| Necropolis | 1 | |
18 total
» build order
00:32 Crypt
00:38 Altar of Darkness
00:46 Ziggurat
01:03 Ziggurat
01:32 Graveyard
01:39 Tomb of Relics
01:55 Nerubian Tower
03:03 Spirit Tower
03:43 Crypt
04:42 Halls of the Dead
06:32 Ziggurat
06:41 Ziggurat
08:15 Spirit Tower
08:56 Tomb of Relics
09:20 Temple of the Damned
09:23 Temple of the Damned
10:56 Black Citadel
11:55 Necropolis
» items
| Rod of Necromancy | 1 | |
| Lesser Clarity Potion | 1 | |
| Boots of Speed | 1 | |
| Dust of Appearance | 1 | |
| Orb of Corruption | 1 | |
5 total
CHEWYOUUp (
blue | 112 APM | 3722 actions | 33:12)
6 Archmage
3 Summon Water Elemental
2 Brilliance Aura
1 Mass Teleport
6 Pit Lord
3 Rain of Fire
2 Cleaving Attack
1 Doom
» actions
| Assign group hotkey | 69 | |
| Basic commands | 200 | |
| Build / train | 165 | |
| ESC pressed | 2 | |
| Enter build submenu | 52 | |
| Enter hero's abilities submenu | 12 | |
| Give item / drop item | 1 | |
| Right click | 899 | |
| Select / deselect | 505 | |
| Select group hotkey | 1556 | |
| Use ability | 261 | |
3722 total
» units
| Peasant | 19 | |
| Footman | 4 | |
| Rifleman | 7 | |
| Gryphon Rider | 5 | |
| Priest | 3 | |
| Sorceress | 2 | |
| Knight | 4 | |
| Spell Breaker | 2 | |
46 total
» upgrades
| Gunpowder | 3 | |
| Masonry | 3 | |
| Armor | 4 | |
| Long Rifles | 1 | |
| Storm Hammers | 1 | |
| Animal War Training | 1 | |
| Swords | 3 | |
| Priest Training | 2 | |
| Cloud | 1 | |
| Plating | 3 | |
| Sorceress Training | 2 | |
| Lumber Harvesting | 2 | |
| Control Magic | 1 | |
27 total
» buildings
| Altar of Kings | 1 | |
| Barracks | 1 | |
| Farm | 11 | |
| Arcane Vault | 2 | |
| Blacksmith | 1 | |
| Lumber Mill | 1 | |
| Town Hall | 5 | |
| Keep | 1 | |
| Scout Tower | 24 | |
| Arcane Tower | 3 | |
| Guard Tower | 30 | |
| Castle | 2 | |
| Gryphon Aviary | 2 | |
| Arcane Sanctum | 2 | |
86 total
» build order
01:18 Altar of Kings
01:19 Barracks
01:20 Farm
01:26 Farm
01:28 Farm
01:52 Farm
01:57 Arcane Vault
02:37 Blacksmith
02:40 Lumber Mill
03:11 Farm
03:35 Farm
04:34 Town Hall
05:16 Keep
06:03 Scout Tower
06:05 Scout Tower
06:29 Scout Tower
06:32 Arcane Tower
06:32 Guard Tower
06:32 Guard Tower
07:04 Guard Tower
07:04 Guard Tower
07:52 Castle
07:53 Castle
08:34 Scout Tower
09:53 Guard Tower
09:53 Guard Tower
10:01 Scout Tower
10:04 Scout Tower
10:17 Scout Tower
10:30 Gryphon Aviary
10:31 Gryphon Aviary
10:34 Guard Tower
10:34 Guard Tower
10:34 Guard Tower
10:53 Guard Tower
10:53 Guard Tower
11:01 Scout Tower
11:04 Scout Tower
11:37 Guard Tower
11:37 Guard Tower
11:54 Guard Tower
12:16 Arcane Vault
12:36 Farm
12:37 Farm
13:36 Farm
13:37 Farm
13:44 Arcane Sanctum
14:00 Scout Tower
16:00 Guard Tower
16:07 Town Hall
16:08 Scout Tower
16:11 Scout Tower
16:12 Scout Tower
16:12 Scout Tower
16:43 Guard Tower
16:43 Guard Tower
16:43 Guard Tower
16:44 Scout Tower
16:45 Scout Tower
16:46 Scout Tower
16:48 Scout Tower
16:51 Guard Tower
16:51 Guard Tower
17:05 Farm
17:09 Arcane Sanctum
17:13 Guard Tower
17:13 Guard Tower
17:13 Guard Tower
17:15 Guard Tower
17:15 Guard Tower
22:47 Scout Tower
22:50 Scout Tower
23:27 Guard Tower
23:27 Guard Tower
25:09 Town Hall
25:36 Town Hall
25:38 Scout Tower
25:39 Scout Tower
25:59 Scout Tower
26:01 Scout Tower
26:15 Guard Tower
26:47 Arcane Tower
26:47 Arcane Tower
26:47 Guard Tower
26:47 Guard Tower
29:56 Town Hall
» items
| Scroll of Regeneration | 7 | |
| Staff of Teleportation | 2 | |
| Mechanical Critter | 4 | |
| Boots of Speed | 1 | |
| Periapt of Vitality | 1 | |
| Circlet of Nobility | 1 | |
| Potion of Lesser Invulnerability | 1 | |
| Scroll of Town Portal | 5 | |
| Staff of Sanctuary | 1 | |
| Orb of Fire | 1 | |
24 total
mooiamachicken (
red | 42 APM | 666 actions | 15:45)
3 Mountain King
2 Storm Bolt
1 Bash
1 Paladin
1 Holy Light
» actions
| Assign group hotkey | 17 | |
| Basic commands | 145 | |
| Build / train | 48 | |
| ESC pressed | 2 | |
| Enter build submenu | 24 | |
| Enter hero's abilities submenu | 4 | |
| Give item / drop item | 1 | |
| Right click | 181 | |
| Select / deselect | 144 | |
| Select group hotkey | 69 | |
| Use ability | 31 | |
666 total
» units
» upgrades
| Masonry | 1 | |
| Swords | 3 | |
| Plating | 2 | |
| Magic Sentry | 1 | |
| Animal War Training | 1 | |
8 total
» buildings
| Altar of Kings | 1 | |
| Farm | 8 | |
| Barracks | 2 | |
| Scout Tower | 3 | |
| Arcane Tower | 1 | |
| Arcane Vault | 1 | |
| Lumber Mill | 1 | |
| Keep | 1 | |
| Blacksmith | 1 | |
| Guard Tower | 2 | |
| Arcane Sanctum | 2 | |
| Castle | 1 | |
| Town Hall | 1 | |
25 total
» build order
00:11 Altar of Kings
00:16 Farm
00:24 Barracks
00:47 Farm
01:37 Farm
02:05 Scout Tower
02:35 Farm
02:48 Arcane Tower
03:16 Arcane Vault
03:41 Lumber Mill
04:44 Scout Tower
04:48 Keep
05:22 Blacksmith
05:24 Guard Tower
06:24 Farm
08:08 Scout Tower
08:46 Arcane Sanctum
08:51 Arcane Sanctum
08:53 Castle
09:20 Guard Tower
09:38 Town Hall
11:15 Barracks
12:33 Farm
12:35 Farm
13:04 Farm
» items
| Boots of Speed | 1 | |
| Scroll of Regeneration | 2 | |
| Lesser Clarity Potion | 1 | |
4 total
Chat log
(00:08 / Allies) Nurmagomedov: huntress
(00:10 / Allies) Nurmagomedov: hi there
(00:15 / Allies) hahaya: hi
(01:17 / All) KBilly: glhf
(01:21 / All) Nurmagomedov: u2
(04:22 / Allies) Nurmagomedov: u or me
(04:32 / Allies) KBilly: you
(04:36 / Allies) Nurmagomedov: sweet
(08:25 / All) Nurmagomedov: 3 here
(08:30 / Allies) Nurmagomedov: foots
(08:35 / Allies) hahaya: oj let hsit
(08:35 / Allies) Nurmagomedov: and double fiends
(08:39 / Allies) KBilly: blue at yellow base
(08:41 / Allies) Nurmagomedov: get massive aa for wyrms
(09:14 / Allies) BlackestBlueGum: lumnbers
(10:06 / Allies) hahaya: 2 tped
(10:27 / Allies) KBilly: b
(10:29 / Allies) KBilly: green b
(11:33 / Allies) KBilly: main plase
(11:47 / Allies) KBilly: out
(11:55 / Allies) Nurmagomedov: ncie
(11:59 / Allies) KBilly: tycm
(12:41 / Allies) Nurmagomedov: i go ehre
(13:09 / Allies) Nurmagomedov: get the tech
(13:57 / Allies) Nurmagomedov: im b
(14:16 / Allies) KBilly: good fight
(14:26 / Allies) KBilly: devour op
(14:42 / Allies) Nurmagomedov: tp to my expo?
(14:51 / Allies) KBilly: walk to your expo
(14:52 / Allies) Nurmagomedov: no
(14:52 / Allies) KBilly: go purple
(14:54 / Allies) Nurmagomedov: too late
(14:55 / Allies) KBilly: right behond you
(14:58 / Allies) hahaya: go
(15:10 / Allies) Nurmagomedov: back
(15:11 / Allies) Nurmagomedov: to base
(15:43 / All) mooiamachicken: gg
(16:05 / Allies) BlackestBlueGum: lumbers plz
(16:51 / Allies) hahaya: wood
(18:27 / Allies) hahaya: wood
(18:34 / Allies) KBilly: it's over bro
(19:10 / Allies) hahaya: any wood
(20:50 / Allies) KBilly: check your inventory green
(20:59 / Allies) Nurmagomedov: was fun
(21:03 / Allies) Nurmagomedov: ty
(21:06 / Allies) KBilly: yw
(21:12 / Allies) Nurmagomedov: tasty
(21:53 / Allies) Nurmagomedov: tp
(22:24 / Allies) hahaya: sending tanks
(23:04 / Allies) hahaya: wood
(23:42 / Allies) KBilly: wtf?
(24:03 / Allies) hahaya: oj nerd raging for some reason
(24:16 / All) CHEWYOUUp: wow pussies
(24:17 / All) KBilly: wtf?
(24:33 / All) CHEWYOUUp: kbilly in shock
(24:46 / Allies) KBilly: are you here?
(25:19 / All) KBilly: oj, why tk?
(25:21 / All) KBilly: we won this
(25:30 / Allies) BlackestBlueGum: You guys didn't listen to my needs and concerns
(25:32 / All) CHEWYOUUp: lmao
(26:16 / Allies) KBilly: could I ask you to not tk me please?
(26:49 / Allies) KBilly: is that ok OJ? shall we win this together?
(27:00 / Allies) KBilly: please stop tking me
(27:03 / Allies) KBilly: we've got this
(27:04 / Allies) BlackestBlueGum: Give all your gold and I'll consider forgiving you
(27:13 / Allies) KBilly: if you promise, gold is no problem
(27:23 / Allies) BlackestBlueGum: I was pretty upset, so I can't promise
(27:29 / Allies) BlackestBlueGum: But it would go a long way
(27:29 / All) CHEWYOUUp: fight me pussy
(27:30 / Allies) KBilly: I didn't do anything wrong
(27:34 / Allies) KBilly: I killed like four bases
(27:38 / Allies) BlackestBlueGum: I asked for lumber but none gave
(27:47 / Allies) KBilly: happens all the time
(27:58 / Allies) KBilly: please stop tking
(27:58 / Allies) KBilly: ok?
(28:04 / Allies) KBilly: we still win this
(28:08 / Allies) KBilly: if you don't tak eth efortress
(28:11 / Allies) KBilly: you decide
(28:12 / Allies) KBilly: win or lose
(28:23 / Allies) BlackestBlueGum: Give me gold, and I will consider
(28:31 / Allies) KBilly: there
(28:34 / Allies) KBilly: now let's play
(28:41 / Allies) BlackestBlueGum: Really? I asked for all and you gave half, that's an insult
(28:51 / All) KBilly: gg, OJ is a Trump supporter.
(28:57 / All) CHEWYOUUp: uh oh
(28:59 / All) CHEWYOUUp: NOT A TRUMP SUPPORTER
(29:01 / Allies) BlackestBlueGum: Why speak to him?
(29:06 / Allies) BlackestBlueGum: He won't help you I don't think
(29:16 / Allies) BlackestBlueGum: I want the gold and then maybe I'll help you kill him
(29:35 / Allies) BlackestBlueGum: It's up to you, the ball's in your court
(29:42 / Allies) KBilly: shut up
(29:44 / Allies) KBilly: i gave you gold
(29:46 / Allies) KBilly: squelching now
(29:48 / Allies) BlackestBlueGum: All your gold, or I crash this team with no survivors
(29:55 / Allies) BlackestBlueGum: You gave half, you skinflint
(30:04 / Allies) BlackestBlueGum: I asked for all, what you gave me was niggardly and yes an insult
(30:19 / Allies) BlackestBlueGum: You're dead now, you insult me through word and action
(30:23 / Allies) BlackestBlueGum: You won't win now, you bastard!
(31:13 / All) BlackestBlueGum: KBilly is rude, I asked for all his gold and he only gave me half
(31:16 / All) BlackestBlueGum: What an insult
(31:18 / All) CHEWYOUUp: what a bitch
(31:27 / All) KBilly: yeah he's a bitch
(31:29 / All) BlackestBlueGum: He thought I wouldn't notice? Now he says he has squelched me, wow real mature KBilly
(31:30 / All) CHEWYOUUp: why are you such a bad ally pink
(31:41 / All) KBilly: excuse you?
(31:44 / All) CHEWYOUUp: is he 5 years old?
(31:48 / All) CHEWYOUUp: going LALALA I CANT HEAR YOU
(31:51 / All) KBilly: I'm not the one tking.
(31:52 / All) CHEWYOUUp: played with that kid on my team before
(31:54 / All) CHEWYOUUp: total dummy
(31:58 / All) CHEWYOUUp: selfish player
(31:58 / Allies) BlackestBlueGum: YEah he's a bad ally
(32:10 / All) CHEWYOUUp: lol
(32:14 / All) BlackestBlueGum: HEHE
(32:18 / All) BlackestBlueGum: Kbilly should lose
(32:21 / All) CHEWYOUUp: yeah
(32:29 / All) BlackestBlueGum: but let's stats if there's a man with zero losses
(32:50 / All) BlackestBlueGum: He thought you were talking about me lol
(32:57 / All) CHEWYOUUp: yeah lol
(32:58 / All) BlackestBlueGum: He talks like a fucking faggot, EXCUSE YOU?
(32:59 / All) CHEWYOUUp: my team all under 50%
(33:07 / All) CHEWYOUUp: sounds like something a numale would say
(33:09 / All) BlackestBlueGum: Kbilly lose